 Dungeon Crawl Stone Soup version 0.29.1-15-g9cfb28693d (webtiles) character file.

Game seed: 13451977814127381285

9893 Coron the Cleaver (level 11, -3/102 HPs)
             Began as a Yellow Draconian Monk on Mar 23, 2023.
             Was the Champion of the Shining One.
             Slain by a bone dragon (10 damage)
             ... on level 1 of the Abyss.
             The game lasted 00:39:15 (12463 turns).

Coron the Cleaver (Yellow Draconian Monk)          Turns: 12463, Time: 00:39:16

Health: -3/102     AC: 15    Str: 15    XL:     11   Next: 29%
Magic:  15/15      EV: 18    Int: 10    God:    the Shining One [******]
Gold:   529        SH:  0    Dex: 23    Spells: 10/10 levels left

rFire   . . .      SeeInvis +   g - +0 war axe
rCold   . . .      Faith    .   (no shield)
rNeg    + + +      Spirit   .   (body armour unavailable)
rPois   .          Reflect  .   p - +2 hat
rElec   .          Harm     .   l - +0 cloak
rCorr   +          Rampage  .   o - +2 pair of gloves
Will    .....                   d - +1 pair of boots
Stlth   +.........              I - amulet of regeneration
HPRegen 1.07/turn               D - ring of see invisible
MPRegen 0.14/turn               B - +6 ring of dexterity

@: slowed, glowing, very slow
A: spit acid, AC +7, unfitting armour, cold-blooded, acid resistance
a: Breathe Acid, Renounce Religion, Divine Shield, Cleansing Flame, Summon
Divine Warrior, Brand Weapon With Holy Wrath


You were on level 1 of the Abyss.
You worshipped the Shining One.
The Shining One was exalted by your worship.
You visited 2 branches of the dungeon, and saw 10 of its levels.
You visited the Abyss 1 time.
You also visited: Ossuary.

You collected 529 gold pieces.

Inventory:

Hand Weapons
 g - a +0 war axe (weapon)
 r - a +0 sling
Missiles
 k - 9 poisoned darts
 q - 65 stones
 C - 2 throwing nets
 K - 4 curare-tipped darts (quivered)
Armour
 d - a +1 pair of boots (worn)
 l - a +0 cloak (worn)
 o - a +2 pair of gloves (worn)
 p - a +2 hat (worn)
Jewellery
 m - a ring of flight
 B - a +6 ring of dexterity (right hand)
 D - a ring of see invisible (left hand)
 I - an amulet of regeneration (around neck)
Wands
 e - a wand of flame (20)
 H - a wand of light (9)
Scrolls
 h - 3 scrolls of teleportation
 s - 3 scrolls of fog
 v - 2 scrolls of poison
 w - 3 scrolls of immolation
 x - a scroll of blinking
 y - 3 scrolls of amnesia
 J - a scroll of vulnerability {unknown}
 L - a scroll of enchant armour
Potions
 a - 2 potions of brilliance
 b - 2 potions of ambrosia
 c - 3 potions of berserk rage
 f - 2 potions of cancellation
 i - 4 potions of curing
 j - a potion of lignification
 n - 4 potions of haste
 t - 2 potions of invisibility
 u - 2 potions of attraction
 z - 4 potions of resistance
 A - 4 potions of mutation
 E - a potion of flight
 F - 2 potions of heal wounds
 G - 2 potions of might


   Skills:
 - Level 11.0 Fighting
 - Level 11.9(12.0) Axes
 - Level 0.1(7.5) Polearms
 - Level 0.1(0.2) Staves
 + Level 7.7 Dodging
 - Level 2.0 Stealth
 - Level 0.1 Translocations
 - Level 0.1 Fire Magic
 - Level 0.4 Ice Magic
 - Level 0.2 Earth Magic
 - Level 6.0 Invocations


You had 10 spell levels left.
You didn't know any spells.
Your spell library contained the following spells:

 Spells                   Type           Power      Damage    Failure   Level
 Summon Small Mammal      Summ           0%         N/A       36%         1
 Scorch                   Fire           0%         2d5       50%         2
 Gell's Gravitas          Tloc           0%         N/A       73%         3
 Call Canine Familiar     Summ           0%         N/A       75%         3
 Dazzling Flash           Conj/Hex       0%         N/A       75%         3
 Summon Guardian Golem    Hex/Summ       0%         N/A       75%         3
 Flame Wave               Conj/Fire      0%         2d4       98%         4
 Silence                  Hex/Air        0%         N/A       100%        5
 Summon Cactus Giant      Summ           0%         N/A       100%        6
 Discord                  Hex            0%         N/A       100%        8


Dungeon Overview and Level Annotations

Branches:
Dungeon (9/15)             Temple (1/1) D:5            Lair (0/5) D:8
Ossuary (visited)
    Orc: D:9-12

Altars:
Ashenzari
Cheibriados
Dithmenos
Fedhas
Gozag
Hepliaklqana
Kikubaaqudgha
Makhleb
Nemelex Xobeh
Okawaru
Qazlal
Ru
Trog
Uskayaw
Wu Jian
Xom
Yredelemnul
Zin
The Shining One


Innate Abilities, Weirdness & Mutations

You can spit globs of acid.
Your golden yellow scales are hard. (AC +7)
You cannot fit into any form of body armour.
You are cold-blooded and may be slowed by cold attacks.
You are resistant to acid. (rCorr)


Message History

The small abomination hits you but does no damage.
The wraith misses you.
You hit the iron imp.
The iron imp is moderately wounded.
You hit the wraith but do no damage. You slash the hog!
You kill the hog!
You barely miss the small abomination. The small abomination misses you.
The wraith completely misses you. The iron imp closely misses you.
The hellwing hits you but does no damage. x2
The wraith hits you but does no damage.
A nagaraja skeleton comes into view.
The iron imp hits you. The hellwing attacks as you move away!
The hellwing hits you. x2
The bone dragon attacks as you move away!
The bone dragon bites you! The bone dragon barely misses you.
The bone dragon closely misses you. x2; The bone dragon claws you!
The bone dragon tramples you.
You hold your ground!
The hellwing hits you but does no damage. x2
The wraith misses you.
The bone dragon attacks as you move away!
The bone dragon bites you. The bone dragon claws you!
* * * LOW HITPOINT WARNING * * *
The bone dragon tramples you!
* * * LOW HITPOINT WARNING * * *
Unknown command.
Okay, then.
The bone dragon attacks as you move away!
The bone dragon bites you!! The Shining One protects you from harm!
The bone dragon misses you. The bone dragon tramples you!
* * * LOW HITPOINT WARNING * * *
The bone dragon completely misses you. The bone dragon closely misses you.
The bone dragon tramples you.
* * * LOW HITPOINT WARNING * * *
You stumble backwards!
The bone dragon attacks as you move away!
The bone dragon bites you! The Shining One protects you from harm!
The bone dragon claws you!
You die...

....#.. .......
.........#.....
..............§.
...............§.
..#.......§.§#....
...................
...§§..#...........
.......@.#.........
.......D#5#..#.....
.#....Z4.W.........
.......x.X......#.#
.§§....X........#..
..§................
....##....§...§....
........§..†.......
......#...........


You could see a bone dragon, 2 large abominations, a hellwing, a small
abomination, an iron imp and a nagaraja skeleton.

Vanquished Creatures
  A boulder beetle (D:7)
  A two-headed ogre (D:9)
  Pikel (D:7)
  An ugly thing (D:6)
  Maggie (D:6)
  A komodo dragon (D:7)
  A hornet (D:7)
  Grinder (D:5)
  Sigmund (D:3)
  A hog (shapeshifter) (Abyss:1)
  A wyvern (D:9)
  2 wraiths (D:7)
  5 yaks
  A steam dragon (D:6)
  2 swamp worms (D:8)
  2 wargs (D:8)
  An acid dragon (D:7)
  2 water moccasins (D:7)
  3 sky beasts
  A black bear (D:7)
  4 ice beasts
  2 orc warriors
  An ogre (D:4)
  2 centaurs
  2 lemures (D:7)
  2 phantoms (D:7)
  A kobold brigand (D:4)
  6 bullfrogs
  3 scorpions
  2 necrophages (D:7)
  19 wights
  4 killer bees (D:9)
  6 howler monkeys
  A centaur zombie (Ossuary)
  2 jellies
  5 orc priests
  A gnoll bouda (D:7)
  6 hounds
  3 iguanas
  13 orc wizards
  4 mummies (Ossuary)
  5 gnolls
  7 adders
  A white imp (D:7)
  An ufetubus (Abyss:1)
  2 worms
  3 dart slugs (D:1)
  27 orcs
  8 ball pythons
  4 endoplasms
  A giant cockroach (D:1)
  13 goblins
  8 hobgoblins
  3 jackals (D:4)
  4 quokkas
  6 bats
  6 frilled lizards
  7 hobgoblin zombies (Ossuary)
  10 kobolds
  10 rats
245 creatures vanquished.

Vanquished Creatures (others)
  12 demonic plants (D:6)
  21 plants
33 creatures vanquished.

Grand Total: 278 creatures vanquished

Notes
Turn   | Place    | Note
-------+----------+-------------------------------------------
     0 | D:1      | Coron the Draconian Monk began the quest for the Orb.
     0 | D:1      | Reached XP level 1. HP: 19/19 MP: 1/1
   141 | D:1      | Found a faded altar of an unknown god.
   150 | D:1      | Reached XP level 2. HP: 20/26 MP: 2/2
   169 | D:1      | Prayed at the altar of an unknown god.
   169 | D:1      | Became a worshipper of the Shining One
   169 | D:1      | Reached * piety under the Shining One
   169 | D:1      | Reached ** piety under the Shining One
   421 | D:1      | Reached XP level 3. HP: 33/33 MP: 3/3
   707 | D:1      | Reached *** piety under the Shining One
  1184 | D:2      | Reached XP level 4. HP: 36/40 MP: 4/4
  1760 | D:3      | Identified the +4 pair of boots "Tixtexur" {Dex+5}
  1761 | D:3      | Found a shimmering altar of Xom.
  1761 | D:3      | Found an opulent altar of Gozag.
  1982 | D:3      | Noticed Sigmund
  1990 | D:3      | Killed Sigmund
  1991 | D:3      | Reached skill level 5 in Axes
  1991 | D:3      | Reached XP level 5. HP: 39/46 MP: 5/5
  2067 | D:3      | Reached XP level 6. HP: 52/52 MP: 6/6
  2564 | D:4      | Found an ornate altar of the Wu Jian Council.
  2787 | D:4      | Found a glowing silver altar of Zin.
  3219 | D:4      | Reached skill level 5 in Fighting
  3363 | D:5      | Entered Level 5 of the Dungeon
  3383 | D:5      | Your scales start taking on a golden yellow colour.
  3383 | D:5      | Reached XP level 7. HP: 29/61 MP: 7/7
  3383 | D:5      | Gained mutation: You are resistant to acid. (rCorr) [Yellow
                  | Draconian growth]
  3880 | D:5      | Noticed a +0 hand axe
  3881 | D:5      | Noticed a +0 hand axe
  3884 | D:5      | Found a hide-covered altar of Uskayaw.
  3885 | D:5      | Found a staircase to the Ecumenical Temple.
  3988 | Temple   | Entered the Ecumenical Temple
  4311 | D:5      | Noticed Grinder
  4312 | D:5      | Paralysed by Grinder for 2 turns
  4317 | D:5      | Killed Grinder
  4728 | D:6      | Reached XP level 8. HP: 57/70 MP: 8/8
  5199 | D:6      | Reached skill level 1 in Invocations
  5933 | D:6      | Reached XP level 9. HP: 13/81 MP: 10/10
  6258 | D:6      | Noticed Maggie
  6271 | D:6      | Killed Maggie
  7194 | D:7      | Reached skill level 5 in Dodging
  7455 | D:7      | Reached **** piety under the Shining One
  7462 | D:7      | Reached skill level 10 in Axes
  7642 | D:7      | Noticed a brown ugly thing
  7642 | D:7      | Noticed a boulder beetle
  7671 | D:6      | Killed a brown ugly thing
  8093 | D:7      | Reached XP level 10. HP: 82/88 MP: 13/13
  8127 | D:7      | Identified the +6 rapier "Ipsuwkez" {venom, +Blink rElec
                  | Will- rCorr}
  8195 | D:7      | Reached skill level 5 in Invocations
  8278 | D:7      | Reached ***** piety under the Shining One
  8294 | D:7      | The Shining One protects you from harm!
  9812 | D:7      | Noticed Pikel
  9830 | D:7      | Killed Pikel
 10041 | D:7      | Noticed a boulder beetle
 10080 | D:7      | Killed a boulder beetle
 10619 | D:8      | Reached skill level 10 in Fighting
 10657 | D:8      | Found a sand-covered staircase.
 10662 | Ossuary  | Entered an ossuary
 10928 | D:8      | Reached XP level 11. HP: 60/99 MP: 15/15
 11073 | D:8      | Found a staircase to the Lair.
 11826 | D:9      | Got the Volume of Glamour and the Excursion
 11972 | D:9      | Noticed a two-headed ogre
 11982 | D:9      | Killed a two-headed ogre
 12210 | Abyss:1  | Cast into level 1 of the Abyss (orc warrior)
 12266 | Abyss:1  | Paralysed by you for 5 turns
 12276 | Abyss:1  | Noticed a thrashing horror
 12291 | Abyss:1  | Noticed a starcursed mass
 12293 | Abyss:1  | Found a shadowy altar of Dithmenos.
 12337 | Abyss:1  | Noticed a bone dragon
 12342 | Abyss:1  | Found a corrupted altar of Lugonu.
 12380 | Abyss:1  | Noticed a starcursed mass
 12390 | Abyss:1  | Found a corrupted altar of Lugonu.
 12396 | Abyss:1  | Found a corrupted altar of Lugonu.
 12396 | Abyss:1  | Found a corrupted altar of Lugonu.
 12416 | Abyss:1  | Found a blossoming altar of Fedhas.
 12419 | Abyss:1  | Found a blossoming altar of Fedhas.
 12419 | Abyss:1  | Reached ****** piety under the Shining One
 12419 | Abyss:1  | Found a blossoming altar of Fedhas.
 12439 | Abyss:1  | Found an ornate altar of the Wu Jian Council.
 12443 | Abyss:1  | Found an ornate altar of the Wu Jian Council.
 12445 | Abyss:1  | Found an ornate altar of the Wu Jian Council.
 12453 | Abyss:1  | Found an ornate altar of the Wu Jian Council.
 12462 | Abyss:1  | The Shining One protects you from harm!
 12463 | Abyss:1  | The Shining One protects you from harm!
 12463 | Abyss:1  | Slain by a bone dragon

Illustrated notes

Levels and vault maps discovered:
D:1:      matt_arrival_diagonals, layout_loops_cross,
          hellmonk_ecumenical_altar_zigzags
D:2:      minmay_general_purpose_star, layout_rooms, minmay_pentomino_p2
D:3:      kb_forest_paths, layout_rooms, nicolae_overflow_two_pavilions,
          uniq_sigmund
D:4:      layout_rooms, amcnicky_altar_gilded, nicolae_wu_jian_wuxing_cycle,
          lexackson_kobold_supper
D:5:      layout_cave_pools, dancing_weapons_uskayaw,
          minmay_temple_entry_gardened_gates, uniq_grinder
D:6:      layout_basic, dreamdust_princess_corridor, kennysheep_generic_room_7,
          uniq_maggie
D:7:      nzn_winding_woodlands_stair_cross [nzn_winding_woodlands_5x15_cabin,
          nzn_winding_woodlands_center_pierced_h,
          nzn_winding_woodlands_5x15_pathside_ponds,
          nzn_winding_woodlands_5x5_open_star,
          nzn_winding_woodlands_5x5_default, nzn_winding_woodlands_5x15_twine,
          nzn_winding_woodlands_center_triple_pond,
          nzn_winding_woodlands_5x15_default], layout_cave_pods, uniq_pikel
D:8:      layout_basic, erik_lair_orcish_takeover, nicolae_ossuary_entry_ruins,
          kennysheep_nondescript, worms_lemuel
D:9:      layout_roguey
Temple:   minmay_temple_curvy_branch
Abyss:1:  base:
D:4

Skill      XL: |  1  2  3  4  5  6  7  8  9 10 11 |
---------------+----------------------------------+-----
Dodging        | 3 4 6 7 |  7.7
Fighting       | 4 5 8 10 11 | 11.0
Stealth        | 2 |  2.0
Axes           | 5 6 7 9 10 11 | 11.9
Invocations    | 2 4 6 |  6.0
Polearms       | |  0.1
Staves         | |  0.1
Translocations | |  0.1
Fire Magic     | |  0.1
Ice Magic      | |  0.4
Earth Magic    | |  0.2

Action                   |  1- 3 |  4- 6 |  7- 9 | 10-12 || total
-------------------------+-------+-------+-------+-------++-------
Melee: Hand axe          |    87 |   193 |   157 |       ||   437
       Tailslap          |    13 |    25 |    79 |    72 ||   189
       Punch             |     1 |     3 |     7 |     5 ||    16
       War axe           |       |       |   164 |   347 ||   511
Throw: Dart              |       |       |       |     5 ||     5
Invok: Divine Shield     |       |       |     1 |     2 ||     3
       Cleansing Flame   |       |       |       |     2 ||     2
 Abil: Breathe Acid      |       |       |     5 |     5 ||    10
Evoke: Wand              |       |     5 |     8 |    13 ||    26
  Use: Scroll            |     2 |     9 |     5 |    14 ||    30
       Potion            |       |       |     3 |     2 ||     5
Armor: Skin              |    40 |    56 |   124 |   162 ||   382
Dodge: Dodged            |    67 |   101 |   151 |   488 ||   807
Block: Other             |       |       |     3 |     9 ||    12
